 Dungeon Crawl Stone Soup version 0.27-a0-1384-g1422d76b99 (webtiles) character file.

Game seed: 889607289135841976

1155 avis the Ruffian (level 8, -8/78 HPs)
             Began as an Ogre Transmuter on July 1, 2021.
             Mangled by Duvessa (12 damage)
             ... on level 5 of the Dungeon.
             The game lasted 00:28:00 (4912 turns).

avis the Ruffian (Ogre Transmuter)                  Turns: 4912, Time: 00:28:01

Health: -8/78      AC:  2    Str: 21    XL:     8   Next: 39%
Magic:  5/12       EV: 19    Int: 14    God:
Gold:   70         SH:  0    Dex: 16    Spells: 1/13 levels left

rFire    . . .     SeeInvis .     - Unarmed
rCold    . . .     Faith    .   (shield currently unavailable)
rNeg     . . .     Spirit   .   (armour currently unavailable)
rPois    x         Reflect  .   (helmet currently unavailable)
rElec    .         Harm     .   (cloak currently unavailable)
rCorr    .         Rampage  .   (gloves unavailable)
Will     .....                  (boots unavailable)
Stlth    +.........             n - amulet of regeneration
HPRegen  1.23/turn              f - +6 ring of strength
MPRegen  0.13/turn              (no ring)

@: spider-form
A: venomous fangs, tiny, unfitting armour, (tough skin 1)
a: End Transformation


You were on level 5 of the Dungeon.
You were a venomous arachnid creature.
You visited 1 branch of the dungeon, and saw 5 of its levels.

You collected 246 gold pieces.
You spent 176 gold pieces at shops.

Inventory:

Hand Weapons
 p - a +2 scythe of venom
 x - a +0 hand crossbow
 A - a +0 shortbow
Missiles
 c - 95 arrows
 e - 187 stones (quivered)
 i - 44 bolts
 m - 40 poisoned darts
 u - 26 sling bullets
Armour
 a - a +0 robe (melded)
 h - a +0 tower shield
 G - a +1 cloak (melded)
Jewellery
 f - a +6 ring of strength (left front leg)
 n - an amulet of regeneration (around neck)
 w - a ring of see invisible
 F - a ring of flight
Wands
 z - a wand of iceblast (5)
Scrolls
 b - 2 scrolls of noise {unknown}
 j - 6 scrolls of identify {unknown}
 l - 3 scrolls of teleportation {unknown}
 q - a scroll of enchant weapon {unknown}
 r - a scroll of brand weapon {unknown}
 v - 2 scrolls of fog {unknown}
 y - a scroll of magic mapping {unknown}
 E - a scroll of silence {unknown}
Potions
 d - 3 potions of curing
 g - 3 potions of attraction
 k - a potion of haste
 o - 2 potions of heal wounds
 s - 2 potions of lignification {unknown}
 t - 2 potions of might
 B - 2 potions of mutation {unknown}
 C - a potion of resistance {unknown}
 D - a potion of degeneration


   Skills:
 - Level 4.0 Fighting
 - Level 2.0 Dodging
 - Level 7.0 Unarmed Combat
 - Level 3.0 Spellcasting
 - Level 2.0 Translocations
 - Level 4.0 Transmutations
 * Level 2.3 Ice Magic
 - Level 1.0 Poison Magic


You had one spell level left.
You knew the following spells:

 Your Spells              Type           Power      Damage    Failure   Level
a - Beastly Appendage     Tmut           26%        N/A       13%         1
b - Blink                 Tloc           N/A        N/A       32%         2
c - Wereblood             Tmut           13%        N/A       17%         2
p - Spider Form           Tmut/Pois      4%         N/A       43%         3
q - Ice Form              Ice/Tmut       10%        N/A       73%         4

Your spell library contained the following spells:

 Spells                   Type           Power      Damage    Failure   Level
 Apportation              Tloc           14%        N/A       24%         1
 Animate Skeleton         Necr           4%         N/A       43%         1
 Corona                   Hex            2%         N/A       43%         1
 Foxfire                  Conj/Fire      8%         2x1d4     43%         1
 Magic Dart               Conj           8%         1d3       43%         1
 Summon Small Mammal      Summ           8%         N/A       43%         1
 Call Imp                 Summ           2%         N/A       54%         2
 Slow                     Hex            2%         N/A       54%         2
 Mephitic Cloud           Conj/Pois/Air  3%         N/A       71%         3
 Conjure Flame            Conj/Fire      2%         6-21      75%         3
 Inner Flame              Hex/Fire       2%         N/A       75%         3
 Sticky Flame             Conj/Fire      2%         2d3       98%         4
 Fireball                 Conj/Fire      1%         3d3       100%        5


Dungeon Overview and Level Annotations

Branches:
Dungeon (5/15)
 Temple: D:4-7

Altars:
Fedhas
Sif Muna

Shops:
D:1 !

Annotations:
D:5 Dowan, Duvessa


Innate Abilities, Weirdness & Mutations

You are a venomous arachnid creature.
You have poisonous fangs.
You are tiny and dextrous.
Your spellcasting is less reliable in this form.
Your armour is entirely melded.
You are incapable of wielding weapons or throwing items.
You are too large for most types of armour.
((You have tough skin. (AC +1)))


Message History

You turn into a venomous arachnid creature.
Your +1 cloak melds into your body.
Your +0 robe melds into your body.
Duvessa hits you with a +4 short sword of flaming.
Duvessa burns you.
Duvessa hits you with a +4 short sword of flaming!
Duvessa burns you.
You barely miss Duvessa.
Duvessa hits you with a +4 short sword of flaming.
Duvessa burns you.
You hit Duvessa but do no damage.
Duvessa is poisoned.
Duvessa completely misses you. Duvessa closely misses you.
You hit Duvessa.
Duvessa looks as sick as possible!
Duvessa is lightly wounded.
Duvessa misses you.
You hit Duvessa.
Duvessa looks as sick as possible!
Duvessa is moderately wounded.
Duvessa hits you with a +4 short sword of flaming!!
Duvessa burns you.
You barely miss Duvessa.
Duvessa is heavily wounded.
Duvessa hits you with a +4 short sword of flaming!
Duvessa burns you.
Duvessa hits you with a +4 short sword of flaming!
* * * LOW HITPOINT WARNING * * *
Duvessa burns you.
* * * LOW HITPOINT WARNING * * *
Duvessa completely misses you.
Your magical contamination has completely faded away.
You see here a +0 robe.
Duvessa hits you with a +4 short sword of flaming!
* * * LOW HITPOINT WARNING * * *
Duvessa burns you.
* * * LOW HITPOINT WARNING * * *
Okay, then.
Casting: Spider Form (dangerous; 43% risk of failure)
Confirm with . or Enter, or press ? or * to list all spells.
You blink.
Duvessa gestures with her weapon.
Duvessa hits you with a +4 short sword of flaming!
You die...

#...........#..†....#..#...
#...........+.......#..#...
##'###+###+###.###..#####...
#.......##.###.###..##..#...
#.......#..#.[..#.......#...
#.......'..#....+.......#...
#.......#'###.########..#...
#.......#..##§###...#####...
#.......'..se..#....#.......
#.......#......+....+.......
#.......#####+##'####.......
#......e......>.............
#....................######'
#....................#.....)
#....................#......
#....................#..###'
#....................#..##..


You could see Duvessa (fast, extremely poisoned).

Vanquished Creatures
  Sigmund (D:5)
  Eustachio (D:5)
  2 necrophages (D:5)
  A centaur (D:4)
  Blork the orc (D:4)
  A water moccasin zombie (D:5)
  A scorpion (D:3)
  A howler monkey (D:5)
  2 jellies (D:4)
  A hound (D:4)
  2 iguanas
  A killer bee zombie (D:4)
  A hound skeleton (D:4)
  4 gnolls (D:3)
  8 adders
  An adder skeleton (D:4)
  5 orcs
  7 ball pythons
  6 endoplasms
  5 giant cockroaches
  9 goblins
  7 hobgoblins
  4 quokkas
  4 bats
  5 frilled lizards
  7 kobolds
  6 rats
94 creatures vanquished.

Vanquished Creatures (others)
  9 fungi (D:4)
  22 plants
31 creatures vanquished.

Grand Total: 125 creatures vanquished

Notes
Turn   | Place    | Note
-------+----------+-------------------------------------------
     0 | D:1      | avis the Ogre Transmuter began the quest for the Orb.
     0 | D:1      | Reached XP level 1. HP: 19/19 MP: 3/3
   419 | D:1      | Reached skill level 1 in Poison Magic
   545 | D:1      | Found Baoxzoysi's Distillery.
   573 | D:1      | Reached XP level 2. HP: 23/27 MP: 3/5
   661 | D:1      | Reached skill level 3 in Unarmed Combat
   890 | D:1      | Reached XP level 3. HP: 32/35 MP: 6/6
  1359 | D:1      | Learned a level 3 spell: Spider Form
  1390 | D:2      | Found a shimmering blue altar of Sif Muna.
  1556 | D:2      | Reached XP level 4. HP: 27/42 MP: 8/8
  2344 | D:3      | Reached skill level 4 in Unarmed Combat
  2551 | D:3      | Reached XP level 5. HP: 40/49 MP: 5/9
  2722 | D:3      | Found a faded altar of an unknown god.
  2736 | D:3      | Learned a level 4 spell: Ice Form
  2739 | D:3      | Learned a level 2 spell: Blink
  3294 | D:3      | Reached skill level 5 in Unarmed Combat
  3294 | D:3      | Reached skill level 1 in Translocations
  3330 | D:4      | Reached XP level 6. HP: 61/61 MP: 8/10
  3460 | D:4      | Noticed Blork the orc
  3471 | D:4      | Killed Blork the orc
  3556 | D:4      | Found a blossoming altar of Fedhas.
  3743 | D:4      | Reached skill level 6 in Unarmed Combat
  3743 | D:4      | Reached XP level 7. HP: 59/67 MP: 9/11
  3845 | D:4      | Learned a level 2 spell: Wereblood
  3983 | D:1      | Bought a potion of degeneration for 11 gold pieces
  3983 | D:1      | Bought a potion of curing for 33 gold pieces
  3983 | D:1      | Bought a potion of attraction for 33 gold pieces
  3983 | D:1      | Bought a potion of might for 44 gold pieces
  3983 | D:1      | Bought a potion of heal wounds for 55 gold pieces
  4133 | D:5      | Entered Level 5 of the Dungeon
  4494 | D:5      | Noticed Eustachio
  4510 | D:5      | Killed Eustachio
  4511 | D:5      | Reached skill level 7 in Unarmed Combat
  4652 | D:5      | Reached XP level 8. HP: 78/78 MP: 10/12
  4697 | D:5      | Noticed Sigmund
  4708 | D:5      | Killed Sigmund
  4891 | D:5      | Noticed Duvessa
  4891 | D:5      | Noticed Dowan
  4911 | D:5      | HP: 2/78 [Duvessa (3)]
  4912 | D:5      | Mangled by Duvessa

Illustrated notes

Levels and vault maps discovered:
D:1:      psy_arrival_radial01, layout_basic, serial_shops, nicolae_square_shop,
          kennysheep_boxes
D:2:      layout_rooms, basic_altar
D:3:      kennysheep_big_flooded_room, layout_basic,
          shapermc_ecumenical_altar_flowoftime
D:4:      minmay_inner_zag, layout_basic, fedhas_altar_3, hex_tiny,
          uniq_blork_the_orc
D:5:      layout_gridville, uniq_eustachio, uniq_duvessa, uniq_sigmund

Skill      XL: |  1  2  3  4  5  6  7  8 |
---------------+-------------------------+-----
Poison Magic   | 1 |  1.0
Transmutations | 2 3 4 |  4.0
Unarmed Combat | 3 4 5 6 7 |  7.0
Fighting       | 2 3 4 |  4.0
Dodging        | 2 |  2.0
Spellcasting   | 3 |  3.0
Translocations | 1 2 |  2.0
Ice Magic      | 2 |  2.3

Action                   |  1- 3 |  4- 6 |  7- 9 || total
-------------------------+-------+-------+-------++-------
Melee: Unarmed           |    84 |   117 |    69 ||   270
       Kick              |    22 |    24 |     9 ||    55
       Headbutt          |     9 |    11 |    10 ||    30
       Punch             |       |       |     1 ||     1
 Cast: Beastly Appendage |    25 |    34 |    14 ||    73
       Spider Form       |       |     5 |     3 ||     8
       Blink             |       |       |     1 ||     1
 Stab: Sleeping          |     1 |       |     1 ||     2
Armor: Robe              |    25 |    31 |    15 ||    71
Dodge: Dodged            |    32 |    57 |    36 ||   125

Table legend: (Time is in decaauts)
 A = Elapsed time spent in this place.
 B = Non-inter-level travel time spent in this place.
 C = Inter-level travel time spent in this place.
 D = Time resting spent in this place.
 E = Time spent auto-exploring this place.
 F = Levels seen in this place.
 G = Mean time per level.
                   A        B        C        D        E       F      G
               +--------+--------+--------+--------+--------+-----+--------+
         Total |   4900 |   4403 |    497 |    856 |   2381 |   5 |  980.0 |
       Dungeon |   4900 |   4403 |    497 |    856 |   2381 |   5 |  980.0 |
               +--------+--------+--------+--------+--------+-----+--------+

Top non-repeatable levels by time:
     D:1: 1621 daAuts
     D:3: 1105 daAuts
     D:4: 797 daAuts
     D:2: 783 daAuts
     D:5: 592 daAuts
